 Dungeon Sprint DCSS version 0.31.0-32-g396128a36d (webtiles) character file.

Game seed: 7649151180644571029

9705 Heoruswealwe the Phalangite (level 11, -2/117 HPs)
             Began as a Minotaur Fighter on Mar 30, 2024.
             Was an Initiate of Gozag.
             Slain by an orc knight
             ... wielding a +0 bardiche
              (20 damage)
             ... in the Dungeon (Sprint IX: "|||||||||||||||||||||||||||||").
             The game lasted 00:10:20 (1752 turns).

Heoruswealwe the Phalangite (Minotaur Fighter)      Turns: 1752, Time: 00:10:22

Health: -2/117     AC: 19    Str: 28    XL:     11   Next: 26%
Magic:  10/10      EV: 11    Int:  5    God:    Gozag
Gold:   5182       SH:  0    Dex: 10    Spells: 10/10 levels left

rFire   . . .        b - +2 halberd (venom)
rCold   . . .        (shield currently unavailable)
rNeg    . . .        c - +0 chain mail
rPois   .            (helmet restricted)
rElec   .            h - +0 cloak
rCorr   .            f - +0 pair of gloves
SInv    .            e - +0 pair of boots
Will    .....        (no amulet) Stlth
                     k - +3 ring of strength
HPRegen 0.39/turn    j - +2 ring of evasion
MPRegen 0.12/turn

%: no teleportation
@: on fire, glowing
A: horns 2, retaliatory headbutt
a: Renounce Religion, Potion Petition, Call Merchant, Bribe Branch


You were in the Dungeon.
You worshipped Gozag.
Gozag was greatly pleased with you.
You visited 1 branch You collected 5182 gold pieces.

Inventory:

Hand Weapons
 a - a +0 trident
 b - a +2 halberd of venom (weapon)
Armour
 c - a +0 chain mail (worn)
 d - a +0 buckler
 e - a +0 pair of boots (worn)
 f - a +0 pair of gloves (worn)
 h - a +0 cloak (worn)
Jewellery
 j - a +2 ring of evasion (right hand)
 k - a +3 ring of strength (left hand)
Wands
 r - a wand of light (10)
Scrolls
 n - 6 scrolls of blinking
 o - a scroll of identify
 p - 4 scrolls of enchant weapon
Potions
 g - a potion of haste
 i - 2 potions of berserk rage
 l - a potion of curing
 m - 3 potions of might
 q - a potion of mutation
 s - 2 potions of heal wounds


   Skills:
 + Level 17.0 Fighting
 * Level 22.8 Polearms
 + Level 17.0 Armour
 - Level 3.6 Shields


You had 10 spell levels left.
You didn't know any spells.
Your spell library was empty.

Dungeon Overview and Level Annotations

Branches:
Dungeon (1/1)

Altars:
Cheibriados
Dithmenos
Elyvilon
Fedhas
Gozag
Hepliaklqana
Kikubaaqudgha
Makhleb
Nemelex Xobeh
Okawaru
Qazlal
Ru
Sif Muna
Trog
Uskayaw
Vehumet
Wu Jian
Xom
Yredelemnul
Zin
The Shining One
Jiyva
Lugonu


Innate Abilities, Weirdness & Mutations

You have a pair of horns on your head.
You reflexively headbutt those who attack you in melee.


Message History

You feel much better.
The smoke demon hits you but does no damage. x2
The smoke demon barely misses you.
You barely miss the smoke demon.
The smoke demon is severely wounded.
The smoke demon gestures at you. The pyre arrow hits you.
You are covered in intense liquid fire!
You closely miss the smoke demon.
You headbutt the smoke demon, but do no damage.
The smoke demon is severely wounded.
The liquid fire burns you!
The orc high priest utters an invocation to Beogh.
The smoke demon hits you but does no damage. x2
The smoke demon barely misses you.
You hit the smoke demon.
The smoke demon looks as sick as possible!
You headbutt the smoke demon.
The smoke demon is almost dead.
The liquid fire burns you!
* * * LOW HITPOINT WARNING * * *
You carefully extract the barbed spikes from your body.
You slice the smoke demon!!
You kill the smoke demon!
The smoke demon disappears in a puff of smoke!
The liquid fire burns you!
* * * LOW HITPOINT WARNING * * *
You feel much better. The liquid fire burns you!
* * * LOW HITPOINT WARNING * * *
The orc high priest no longer looks unusually strong.
You slash the orc high priest!
The orc high priest is lightly wounded.
The liquid fire burns you!
* * * LOW HITPOINT WARNING * * *
The orc high priest hits you with a +0 flail.
* * * LOW HITPOINT WARNING * * *
The orc knight hits you from afar with a +0 bardiche!!
You die...
Your body crumbles into a pile of gold.

▓.▓.▓.▓_▓
▓$▓.▓.▓.▓_▓
▓$▓.▓.▓.▓_▓
▓$▓.▓'▓.▓_▓
▓o▓.▓.▓.▓_▓
▓o▓.▓.▓.▓_▓
▓o▓.▓.▓.▓_▓
▓o▓.▓.▓.▓_▓
▓@▓.▓.▓.▓_▓
▓.▓.▓.▓.▓_▓
▓.▓.▓.▓.▓_▓
▓.▓.▓.▓.▓_▓
▓.▓.▓.▓.▓_▓
▓.▓.▓'▓.▓_▓
▓.▓.▓.▓.▓_▓
▓.▓.▓.▓.▓_▓
▓.▓.▓.▓.▓_▓


You could see an orc knight, an orc high priest, an orc sorcerer (strong) and an
orc warrior (strong).

Vanquished Creatures
  A two-headed ogre (D)
  A centaur warrior (D)
  A death yak (D)
  A skyshark (D)
  2 ugly things (D)
  2 elephants (D)
  A black mamba (D)
  4 cane toads (D)
  A rime drake (D)
  A komodo dragon (D)
  2 trolls (D)
  A polar bear (D)
  3 tyrant leeches (D)
  A blink frog (D)
  Grum (D)
  4 vampire mosquitoes (D)
  4 water moccasins (D)
  A sky beast (shapeshifter) (D)
  5 orc warriors (D)
  A black bear (D)
  2 wolves (D)
  A phantom (D)
  A scorpion (D)
  3 bullfrogs (D)
  A killer bee (D)
  2 howler monkeys (D)
  A hound (D)
  2 orc priests (D)
  7 orc wizards (D)
  A gnoll (D)
  8 orcs (D)
  A bat (D)
  An endoplasm (D)
  2 quokkas (D)
  A frilled lizard (D)
72 creatures vanquished.

Notes
Turn   | Place    | Note
-------+----------+-------------------------------------------
     0 | D        | Heoruswealwe the Minotaur Fighter began the quest for the
                  | Orb.
     0 | D        | Reached XP level 1. HP: 19/19 MP: 0/0
     7 | D        | Reached skill level 3 in Polearms
    61 | D        | Noticed a scorpion
    61 | D        | Noticed a black bear
    61 | D        | Noticed a hound
    61 | D        | Noticed a phantom
    70 | D        | Killed a phantom
    71 | D        | Reached skill level 7 in Polearms
    71 | D        | Reached XP level 2. HP: 20/30 MP: 1/1
    71 | D        | Reached XP level 3. HP: 25/37 MP: 2/2
    71 | D        | Reached XP level 4. HP: 30/44 MP: 3/3
    75 | D        | Killed a black bear
    76 | D        | Reached skill level 9 in Polearms
    76 | D        | Reached XP level 5. HP: 15/52 MP: 4/4
    79 | D        | Reached skill level 10 in Polearms
    91 | D        | Reached XP level 6. HP: 12/62 MP: 5/5
    97 | D        | Found a snail-covered altar of Cheibriados.
    97 | D        | Found a shadowy altar of Dithmenos.
    97 | D        | Found a white marble altar of Elyvilon.
    97 | D        | Found a blossoming altar of Fedhas.
    97 | D        | Found an opulent altar of Gozag.
    98 | D        | Found a hazy altar of Hepliaklqana.
    99 | D        | Found a viscous altar of Jiyva.
   100 | D        | Found an ancient bone altar of Kikubaaqudgha.
   101 | D        | Found a corrupted altar of Lugonu.
   102 | D        | Found a burning altar of Makhleb.
   103 | D        | Found a sparkling altar of Nemelex Xobeh.
   104 | D        | Found an iron altar of Okawaru.
   105 | D        | Became a worshipper of Gozag Ym Sagoz the Greedy
   106 | D        | Found a stormy altar of Qazlal.
   107 | D        | Found a sacrificial altar of Ru.
   108 | D        | Found a shimmering blue altar of Sif Muna.
   109 | D        | Found a bloodstained altar of Trog.
   110 | D        | Found a hide-covered altar of Uskayaw.
   111 | D        | Found a radiant altar of Vehumet.
   112 | D        | Found an ornate altar of the Wu Jian Council.
   113 | D        | Found a shimmering altar of Xom.
   114 | D        | Found a basalt altar of Yredelemnul.
   115 | D        | Found a glowing silver altar of Zin.
   116 | D        | Found a glowing golden altar of the Shining One.
   258 | D        | Noticed a vampire mosquito
   258 | D        | Noticed a two-headed ogre
   258 | D        | Noticed a troll
   263 | D        | Killed a troll
   264 | D        | Reached skill level 12 in Polearms
   275 | D        | Killed a two-headed ogre
   276 | D        | Reached skill level 14 in Polearms
   276 | D        | Reached XP level 7. HP: 34/74 MP: 6/6
   276 | D        | Reached XP level 8. HP: 38/82 MP: 7/7
   281 | D        | Reached skill level 15 in Polearms
   438 | D        | Noticed a centaur warrior
   438 | D        | Noticed a purple ugly thing
   438 | D        | Noticed a troll
   438 | D        | Noticed a rime drake
   438 | D        | Noticed a cyan ugly thing
   442 | D        | Killed a troll
   443 | D        | Reached skill level 16 in Polearms
   453 | D        | a rime drake changed into a queen bee
   453 | D        | Noticed a queen bee (shapeshifter)
   455 | D        | Killed a purple ugly thing
   461 | D        | Killed a purple ugly thing
   462 | D        | Reached skill level 17 in Polearms
   462 | D        | Reached XP level 9. HP: 30/93 MP: 8/8
   462 | D        | a queen bee changed into a shapeshifter
   473 | D        | HP: 2/93 [centaur warrior/arrow (18)]
   476 | D        | Killed a centaur warrior
   477 | D        | Reached skill level 18 in Polearms
   824 | D        | Noticed a death yak
   824 | D        | Noticed a cane toad
   824 | D        | Noticed an elephant
   830 | D        | Killed an elephant
   838 | D        | Killed a cane toad
   839 | D        | Reached skill level 19 in Polearms
   843 | D        | Killed a death yak
   844 | D        | Reached XP level 10. HP: 87/104 MP: 9/9
   862 | D        | Reached skill level 20 in Polearms
   963 | D        | Noticed a black mamba
   963 | D        | Noticed a skyshark
   963 | D        | Noticed an elephant
   963 | D        | Noticed a cane toad
   963 | D        | Noticed a cane toad
   965 | D        | Killed a cane toad
   966 | D        | Reached skill level 15 in Fighting
   966 | D        | Reached skill level 15 in Armour
   967 | D        | Killed a cane toad
   972 | D        | Killed an elephant
   974 | D        | Noticed a cane toad
   977 | D        | Killed a skyshark
   985 | D        | Reached skill level 21 in Polearms
   986 | D        | Killed a black mamba
   993 | D        | Killed a cane toad
  1093 | D        | Reached XP level 11. HP: 48/115 MP: 10/10
  1102 | D        | Reached skill level 22 in Polearms
  1406 | D        | Noticed Grum
  1414 | D        | Killed Grum
  1712 | D        | Noticed an orc high priest
  1716 | D        | Noticed an orc knight
  1734 | D        | Noticed a sun demon
  1744 | D        | Noticed an orc sorcerer
  1752 | D        | Slain by an orc knight

Illustrated notes

Levels and vault maps discovered:
D:        linesprint [early_d, line_temple, items_1, d_10, items_2, lair_1,
          lair_end, items_3, orc_1, orc_end, items_4, d_15, swamp_1, shoals_1,
          snake_1, spider_1, d_20, vaults_1, items_5, swamp_end, shoals_end,
          snake_end, spider_end, vaults_end, d_27, items_6, zot_1, zot_end,
          crypt_end, forest_end, elf_end, slime_end, tomb_end, abyss_end,
          pan_hell_end]

Skill      XL: |  1  2  3  4  5  6  7  8  9 10 11 |
---------------+----------------------------------+-----
Polearms       | 7 9 10 14 17 19 21 22 | 22.8
Fighting       | 6 7 8 11 13 14 16 17 | 17.0
Armour         | 6 7 8 11 13 14 16 17 | 17.0
Shields        | |  3.6

Action                     |  1- 3 |  4- 6 |  7- 9 | 10-12 || total
---------------------------+-------+-------+-------+-------++-------
  Melee: Trident           |    19 |    19 |       |       ||    38
         Headbutt          |       |     3 |    10 |    25 ||    38
         Halberd           |       |    14 |    66 |   158 ||   238
    Use: Potion            |       |     4 |     3 |     2 ||     9
   Stab: Distracted        |       |       |       |     2 ||     2
 Armour: Scale mail        |    12 |    27 |    27 |    43 ||   109
         Chain mail        |       |       |       |    19 ||    19
  Dodge: Dodged            |     4 |    20 |    15 |    43 ||    82
  Block: Buckler           |     3 |     3 |       |       ||     6
